[Event "FIDE World Cadets U8 2022"]
[Site "Batumi"]
[Date "2022.09.24"]
[Round "8.36"]
[White "Shogdzhiev, Roman Sav"]
[Black "Llari, Marc"]
[Result "0-1"]
[ECO "B45"]
[WhiteElo "1715"]
[BlackElo "1800"]
[Annotator "NA RC COMBH"]
[PlyCount "94"]
[EventDate "2022.09.16"]
[EventType "swiss"]
[EventCountry "GEO"]
[SourceTitle "playchess.com"]
[Source "ChessBase"]
[SourceQuality "1"]
[TimeControl "5400+30"]

1. e4 c5 2. Nf3 e6 3. d4 cxd4 4. Nxd4 Nf6 5. Nc3 Nc6 6. Nxc6 bxc6 7. e5 Nd5 8. Ne4 Qc7 9. f4 Qb6 10. c4 Bb4+ 11. Ke2 f5 12. exf6 Nxf6 13. Be3 Qd8 14. Nd6+ Bxd6 15. Qxd6 Bb7 16. Rd1 Rc8 17. g4 c5 18. Rg1 Rf8 19. Bg2 Bxg2 20. Rxg2 Qb6 21. Qe5 Qc6 22. Kf2 Qe4 23. Qxe4 Nxe4+ 24. Kf3 Nf6 25. Rd6 Rc7 26. Rgd2 Ke7 27. h3 Nd5 28. R6xd5 exd5 29. Rxd5 d6 30. Bd2 Kd7 31. Rd3 Rb7 32. b3 Kc6 33. Re3 Rbf7 34. Re4 Kd7 35. Re1 g6 36. Rd1 Re7 37. Be3 Kc6 38. Bf2 Re6 39. Bg3 a5 40. Rd5 Ref6 41. h4 a4 42. h5 axb3 43. axb3 Rb8 44. Rd3 gxh5 45. gxh5 Rf5 46. Kg4 Rbf8 47. Re3 d5 0-1

[Event "FIDE World Cadets U8 2022"]
[Site "Batumi"]
[Date "2022.09.24"]
[Round "8.37"]
[White "Banerjee, Supratit"]
[Black "Annapureddy, Rheyansh Reddy"]
[Result "0-1"]
[ECO "B22"]
[WhiteElo "1484"]
[BlackElo "1698"]
[Annotator "NA RC COMBH"]
[PlyCount "89"]
[EventDate "2022.09.16"]
[EventType "swiss"]
[EventCountry "GEO"]
[SourceTitle "playchess.com"]
[Source "ChessBase"]
[SourceQuality "1"]
[TimeControl "5400+30"]

1. e4 c5 2. c3 d5 3. exd5 Qxd5 4. d4 cxd4 5. cxd4 Nc6 6. Nf3 e6 7. Nc3 Bb4 8. Bd2 Qd8 9. a3 Ba5 10. Bb5 Nge7 11. O-O O-O 12. Bd3 h6 13. Be3 Bc7 14. Qd2 f5 15. Kh1 f4 16. Bxf4 Bxf4 17. Qc2 Nd5 18. Rad1 Nxc3 19. bxc3 Bd6 20. Bc4 Qf6 21. Bb3 Kh8 22. Ba2 e5 23. Bb1 Bf5 24. Qxf5 Qxf5 25. Bxf5 Rxf5 26. Nh4 Rf6 27. g3 exd4 28. cxd4 Bxa3 29. d5 Ne5 30. f4 Nc4 31. Rf3 Bd6 32. Rc3 b5 33. Nf3 Re8 34. Nd4 a6 35. Ra1 Ba3 36. Raxa3 Nxa3 37. Rxa3 Rd6 38. Nf3 b4 39. Rd3 Red8 40. Ne5 Rxd5 41. Rb3 Rb8 42. Nc6 Rb6 43. Ne5 a5 44. g4 a4 45. Re3 0-1

[Event "FIDE World Cadets U8 2022"]
[Site "Batumi"]
[Date "2022.09.24"]
[Round "8.39"]
[White "Xu, Ryan"]
[Black "Ghoreishiamiri, SeyedKian"]
[Result "0-1"]
[ECO "D30"]
[WhiteElo "1822"]
[BlackElo "1583"]
[Annotator "NA RC COMBH"]
[PlyCount "67"]
[EventDate "2022.09.16"]
[EventType "swiss"]
[EventCountry "GEO"]
[SourceTitle "playchess.com"]
[Source "ChessBase"]
[SourceQuality "1"]
[TimeControl "5400+30"]

1. d4 d5 2. c4 e6 3. Nf3 a6 4. g3 dxc4 5. Bg2 b5 6. a4 Bb7 7. O-O Nd7 8. Bf4 c6 9. Nc3 Ngf6 10. Nd2 Qb6 11. Nde4 Nd5 12. Nd6+ Bxd6 13. Bxd6 c5 14. dxc5 Nxc5 15. Be5 Nxc3 16. Bxc3 Bxg2 17. Kxg2 Qc6+ 18. Kg1 O-O 19. axb5 axb5 20. Qd4 f6 21. Qg4 Na4 22. Bb4 Rf7 23. Bc3 Rd8 24. Rfd1 Rxd1+ 25. Rxd1 Nxc3 26. bxc3 Rd7 27. Rxd7 Qxd7 28. Qe4 Kf7 29. f3 Qa7+ 30. Kg2 Qc5 31. Qb7+ Kg6 32. Qe4+ Qf5 33. Qd4 Qc2 34. Kf2 0-1

[Event "FIDE World Cadets U8 2022"]
[Site "Batumi"]
[Date "2022.09.24"]
[Round "8.42"]
[White "Faramarzi Garousi, Maartia"]
[Black "Zheng, Lerui"]
[Result "1/2-1/2"]
[ECO "D02"]
[WhiteElo "1267"]
[BlackElo "1640"]
[Annotator "NA RC COMBH"]
[PlyCount "52"]
[EventDate "2022.09.16"]
[EventType "swiss"]
[EventCountry "GEO"]
[SourceTitle "playchess.com"]
[Source "ChessBase"]
[SourceQuality "1"]
[TimeControl "5400+30"]

1. d4 d5 2. Bf4 Nf6 3. e3 e6 4. Nf3 Bd6 5. Bg3 c5 6. c3 O-O 7. Nbd2 b6 8. Bd3 Ba6 9. Bxa6 Nxa6 10. O-O Nb8 11. Qe2 Bxg3 12. hxg3 Nbd7 13. Rad1 Qc7 14. Rfe1 Rfe8 15. e4 dxe4 16. Nxe4 cxd4 17. Nxd4 Nxe4 18. Qxe4 Nc5 19. Nb5 Qe7 20. Qf3 e5 21. b4 Nb7 22. Qf5 g6 23. Qd7 Rad8 24. Qxe7 Rxe7 25. Rxd8+ Nxd8 26. Rd1 Ne6 1/2-1/2

[Event "FIDE World Cadets U8 2022"]
[Site "Batumi"]
[Date "2022.09.24"]
[Round "8.43"]
[White "Ling, Chenxuan"]
[Black "Babeikin, Kiryl"]
[Result "1-0"]
[ECO "A50"]
[WhiteElo "1601"]
[BlackElo "1247"]
[Annotator "NA RC COMBH"]
[PlyCount "80"]
[EventDate "2022.09.16"]
[EventType "swiss"]
[EventCountry "GEO"]
[SourceTitle "playchess.com"]
[Source "ChessBase"]
[SourceQuality "1"]
[TimeControl "5400+30"]

1. d4 Nf6 2. c4 e6 3. Nc3 b6 4. e4 Bb4 5. e5 Ne4 6. a3 Nxc3 7. Qg4 Bf8 8. bxc3 h5 9. Qe4 c6 10. Bd3 d5 11. cxd5 Qxd5 12. f4 Qxe4+ 13. Bxe4 Bb7 14. Nf3 Nd7 15. O-O Be7 16. Bb2 O-O-O 17. c4 Nb8 18. Rfd1 Rd7 19. Rd2 Rhd8 20. Rad1 Na6 21. f5 Nc7 22. fxe6 fxe6 23. Kf2 c5 24. Bxb7+ Kxb7 25. dxc5 Bxc5+ 26. Kg3 Rxd2 27. Rxd2 Rxd2 28. Nxd2 Kc6 29. Kh4 g6 30. Ne4 Be3 31. a4 Ne8 32. Kg3 Ng7 33. Kf3 Bh6 34. Bc3 Nf5 35. g3 Ng7 36. Bb4 a5 37. Bc3 Ne8 38. Bd4 Nc7 39. Nf6 Na6 40. Ng8 Bf8 1-0

[Event "FIDE World Cadets U8 2022"]
[Site "Batumi"]
[Date "2022.09.24"]
[Round "8.44"]
[White "Sanikommu Jaideep Reddy"]
[Black "Deepak Ambattu Rithvik"]
[Result "0-1"]
[ECO "A45"]
[WhiteElo "1239"]
[BlackElo "1542"]
[Annotator "NA RC COMBH"]
[PlyCount "82"]
[EventDate "2022.09.16"]
[EventType "swiss"]
[EventCountry "GEO"]
[SourceTitle "playchess.com"]
[Source "ChessBase"]
[SourceQuality "1"]
[TimeControl "5400+30"]

1. d4 Nf6 2. Bf4 c5 3. e3 Qb6 4. Nc3 d6 5. a3 g6 6. Nf3 Bg7 7. Be2 O-O 8. O-O cxd4 9. exd4 Bf5 10. Rb1 d5 11. Re1 Nbd7 12. Bd3 Bxd3 13. Qxd3 e6 14. Ne5 Nxe5 15. Bxe5 Nd7 16. Bxg7 Kxg7 17. h3 Rac8 18. Kh1 a6 19. Rg1 Rc4 20. Ne2 Rfc8 21. c3 Nf6 22. f3 h5 23. Rge1 Qd6 24. h4 e5 25. g3 exd4 26. cxd4 R8c7 27. Kg2 Qb6 28. Kh1 Rc2 29. Nf4 Rxb2 30. Rxb2 Qxb2 31. Re2 Qc1+ 32. Kg2 Rc3 33. Qd2 Qxd2 34. Rxd2 Rxa3 35. Rc2 b5 36. Rc7 Ne8 37. Rc5 b4 38. Nxd5 b3 39. Rc1 Ra2+ 40. Kh3 a5 41. Rb1 Ra3 0-1

[Event "FIDE World Cadets U8 2022"]
[Site "Batumi"]
[Date "2022.09.24"]
[Round "8.45"]
[White "Konovalov Timofei Al."]
[Black "Akramov Khasan"]
[Result "1/2-1/2"]
[ECO "B01"]
[WhiteElo "1431"]
[BlackElo "1235"]
[Annotator "NA RC COMBH"]
[PlyCount "71"]
[EventDate "2022.09.16"]
[EventType "swiss"]
[EventCountry "GEO"]
[SourceTitle "playchess.com"]
[Source "ChessBase"]
[SourceQuality "1"]
[TimeControl "5400+30"]

1. e4 d5 2. exd5 Nf6 3. Nf3 Nxd5 4. d4 g6 5. c4 Nb6 6. Nc3 Bg7 7. Be2 O-O 8. Be3 c6 9. O-O Be6 10. Qb3 Na6 11. Rfd1 Qc7 12. Rac1 Rfd8 13. d5 Bd7 14. dxc6 Bxc6 15. c5 Nd7 16. Nd5 Bxd5 17. Rxd5 Nab8 18. Bg5 Nc6 19. Bc4 Nde5 20. Nxe5 Nxe5 21. Bf4 e6 22. Rxd8+ Qxd8 23. Bxe5 Bxe5 24. Bxe6 Qf6 25. Bd5 Qf4 26. Rd1 Qxh2+ 27. Kf1 Qf4 28. Bxb7 Re8 29. Qb5 Re6 30. Bd5 Re7 31. Qc4 Qf6 32. b4 Bg3 33. Bf3 Bc7 34. Qd4 Qa6+ 35. Kg1 Qxa2 36. Qf6 1/2-1/2